 Dungeon Crawl Stone Soup version 0.29.0-13-gc9e81de378 (webtiles) character file.

Game seed: 2110679500383119894

16 Artool the Cudgeller (level 2, 0/22 HPs)
             Began as a Demonspawn Gladiator on Sept 8, 2022.
             Slain by a kobold
             ... wielding a +0 dagger
              (1 damage)
             ... on level 1 of the Dungeon.
             The game lasted 00:00:38 (198 turns).

Artool the Cudgeller (Demonspawn Gladiator)          Turns: 198, Time: 00:00:39

Health: 0/22       AC:  5    Str: 14    XL:     2   Next: 41%
Magic:  2/2        EV: 12    Int:  9    God:
Gold:   40         SH:  0    Dex: 14    Spells: 1/1 levels left

rFire   . . .      SeeInvis .   a - +0 flail
rCold   . . .      Faith    .   (no shield)
rNeg    . . .      Spirit   .   b - +0 leather armour
rPois   .          Reflect  .   (helmet restricted)
rElec   .          Harm     .   (no cloak)
rCorr   .          Rampage  .   (no gloves)
Will    .....                   f - +1 pair of boots
Stlth   +.........              (no amulet)
HPRegen 0.07/turn               (no ring)
MPRegen 0.08/turn               (no ring)

@: no status effects
A: antennae 1
a: no special abilities


You were on level 1 of the Dungeon.
You visited 1 branch of the dungeon, and saw 1 of its levels.

You collected 40 gold pieces.

Inventory:

Hand Weapons
 a - a +0 flail (weapon)
Missiles
 d - 3 throwing nets (quivered)
 e - a javelin
 g - 4 poisoned darts
Armour
 b - a +0 leather armour (worn)
 c - a +0 helmet
 f - a +1 pair of boots (worn)


   Skills:
 + Level 2.3 Fighting
 + Level 2.9 Maces & Flails
 - Level 1.7 Throwing
 + Level 0.7 Armour
 + Level 2.9 Dodging


You had one spell level left.
You didn't know any spells.
Your spell library was empty.

Dungeon Overview and Level Annotations

Branches:
Dungeon (1/15)

Altars:


Innate Abilities, Weirdness & Mutations

You have a pair of small antennae on your head.


Message History

The jackal bites you. The kobold barely misses you. The jackal misses you.
You hit the jackal.
You kill the jackal!
The kobold hits you but does no damage. The kobold closely misses you.
You see here a jackal corpse.
The kobold hits you with a +0 dagger.
* * * LOW HITPOINT WARNING * * *
The kobold attacks as you move away! The kobold misses you.
The kobold attacks as you move away! The kobold hits you with a +0 dagger.
* * * LOW HITPOINT WARNING * * *
The bat closely misses you. The bat misses you. The bat closely misses you.
The bat closely misses you. The bat barely misses you.
The kobold attacks as you move away! The kobold barely misses you.
The kobold shouts!
The bat hits you but does no damage. The kobold attacks as you move away!
The kobold hits you but does no damage. The bat closely misses you.
The bat barely misses you. The bat hits you.
* * * LOW HITPOINT WARNING * * *
The bat attacks as you move away! The bat hits you but does no damage.
The kobold attacks as you move away! The kobold misses you.
The bat hits you but does no damage. The bat completely misses you.
The kobold hits you but does no damage. The kobold barely misses you.
You closely miss the kobold. The bat closely misses you.
The kobold hits you but does no damage. x2
You barely miss the kobold. The bat barely misses you. The kobold misses you.
The kobold hits you but does no damage. The kobold barely misses you.
The kobold hits you with a +0 club.
* * * LOW HITPOINT WARNING * * *
The giant cockroach bites you.
* * * LOW HITPOINT WARNING * * *
You barely miss the kobold. The bat closely misses you.
The kobold hits you with a +0 dagger.
You die...

.#...##.#...... ....
......#.#...... ....
....#.#.#....####.#
.................#
................### #
#.............#..
#...#####.............#.#
.......B@K.............††
...#...Kb.............#.#
#.................##.#
#.................##.#
#.................##.#
#.................##..
#.................##..
#.................##..
...##..


You could see a giant cockroach, a bat and 2 kobolds.

Vanquished Creatures
  A dart slug (D:1)
  A ball python (D:1)
  An endoplasm (D:1)
  6 jackals (D:1)
  A kobold (D:1)
  2 rats (D:1)
12 creatures vanquished.

Notes
Turn   | Place    | Note
-------+----------+-------------------------------------------
     0 | D:1      | Artool the Demonspawn Gladiator began the quest for the
                  | Orb.
     0 | D:1      | Reached XP level 1. HP: 16/16 MP: 1/1
   153 | D:1      | Gained mutation: You have a pair of small antennae on your
                  | head. [demonic ancestry]
   153 | D:1      | Reached XP level 2. HP: 16/22 MP: 2/2
   197 | D:1      | HP: 1/22 [giant cockroach (1)]
   198 | D:1      | Slain by a kobold

Illustrated notes

Levels and vault maps discovered:
D:1:      psy_arrival_conway, layout_basic, ebering_ecumenical_altar_box

Action                   || total
-------------------------++-------
Melee: Flail             ||    36
 Stab: Sleeping          ||     1
Armor: Leather armour    ||    32
Dodge: Dodged            ||    50
